 Dungeon Crawl Stone Soup version 0.31-a0-182-gc5ef74bbde (webtiles) character file.

Game seed: 10324711343658418219

1054 IdlyInterested the Fighter (level 8, -3/69 HPs)
             Began as a Demonspawn Fighter on June 20, 2023.
             Slain by a gnoll
             ... wielding a +0 spear
             ... led by a gnoll bouda
              (4 damage)
             ... on level 4 of the Dungeon.
             The game lasted 00:12:25 (3834 turns).

IdlyInterested the Fighter (Demonspawn Fighter)     Turns: 3834, Time: 00:12:26

Health: -3/69      AC:  7    Str: 17    XL:     8   Next: 5%
Magic:  8/8        EV: 11    Int:  9    God:
Gold:   206        SH:  6    Dex: 15    Spells: 7/7 levels left

rFire   . . .        a - +0 trident
rCold   . . .        c - +1 buckler
rNeg    . . .        l - +2 leather armour {Will+}
rPois   .            d - +1 hat
rElec   .            (no cloak)
rCorr   .            (no gloves)
SInv    +            (no boots)
Will    +....        j - amulet of magic regeneration Stlth
                     h - ring of see invisible
HPRegen 0.31/turn    (no ring)
MPRegen 0.62/turn

%: no passive effects
@: silenced, weakened, attractive
A: hooves 2, foul stench 1, magic regeneration, sharp scales 1
a: no special abilities


You were on level 4 of the Dungeon.
You visited 1 branch of the dungeon, and saw 4 of its levels.

You collected 206 gold pieces.

Inventory:

Hand Weapons
 a - a +0 trident (weapon)
 p - the +3 sling "Ihome" {freeze, rF+ rN+}
   (You found it on level 2 of the Dungeon)

   rF:        It protects you from fire.
   rN:        It protects you from negative energy.
 t - a +0 trident
Missiles
 g - 44 stones (quivered)
 m - 4 boomerangs
 q - 12 poisoned darts
 y - a throwing net
Armour
 c - a +1 buckler (worn)
 d - a +1 hat (worn)
 l - a +2 leather armour of willpower (worn)
 o - a +0 chain mail
 r - a +0 helmet
Jewellery
 h - a ring of see invisible (left hand)
 j - an amulet of magic regeneration (around neck)
Wands
 B - a wand of polymorph (9)
Scrolls
 n - a scroll of enchant armour
 x - 2 scrolls of immolation
Potions
 k - a potion of enlightenment
 s - 2 potions of lignification
 v - a potion of cancellation


   Skills:
 + Level 8.5 Fighting
 + Level 2.4 Polearms
 - Level 1.0 Throwing
 - Level 3.0 Armour
 - Level 1.0 Dodging
 - Level 1.0 Stealth
 - Level 4.0 Shields
 - Level 1.0 Invocations
 - Level 1.0 Evocations


You had 7 spell levels left.
You didn't know any spells.
Your spell library contained the following spells:

 Spells                   Type           Power      Damage    Failure   Level
 Magic Dart               Conj           0%         1d3       52%         1
 Searing Ray              Conj           0%         2d4       67%         2
 Fulminant Prism          Conj/Hex       0%         3d5       99%         4


Dungeon Overview and Level Annotations

Branches:
Dungeon (4/15)
 Temple: D:4-7

Altars:

Annotations:
D:4 Dowan


Innate Abilities, Weirdness & Mutations

You have hoof-like feet.
You may rarely emit foul miasma when damaged in melee.
You regenerate magic rapidly.
You are partially covered in razor-sharp scales. (AC +1, Slay +1)


Message History

Reach: a) +0 trident
Press: ? - help, Dir - move target, f/p - Dowan
Aim: Dowan, wielding a +0 dagger and wearing a +0 robe (heavily wounded, fast, about 46% to evade your +0 trident)
You reach to attack!
You closely miss Dowan.
Dowan is heavily wounded.
Dowan mumbles some strange words.
Dowan blinks!
You block the gnoll bouda's attack. The gnoll hits you with a +0 spear.
* * * LOW HITPOINT WARNING * * *
Dowan mumbles some strange words.
Dowan blinks!
The gnoll bouda gazes fiercely through you!
You feel as though you will be weak longer.
The gnoll bouda misses you. Dowan is attracted toward you.
You hit the gnoll. You kick the gnoll.
The gnoll is heavily wounded.
The gnoll is no longer moving quickly.
You block Dowan's attack. The gnoll hits you with a +0 spear.
* * * LOW HITPOINT WARNING * * *
The gnoll bouda hits you with a +0 club.
* * * LOW HITPOINT WARNING * * *
You emit a cloud of foul miasma!
Dowan points at you and mumbles some strange words.
The stone arrow misses you.
You puncture Dowan!
Dowan is almost dead.
The gnoll closely misses you. You block Dowan's attack.
The gnoll bouda is engulfed in dark miasma.
The gnoll bouda is poisoned.
The gnoll bouda seems to slow down.
The gnoll bouda completely misses you. The gnoll hits you with a +0 spear.
* * * LOW HITPOINT WARNING * * *
As you read the scroll labelled YXECWI ECYRO, it crumbles to dust.
A profound silence engulfs you.
It was a scroll of silence.
The gnoll bouda is no longer moving slowly.
Dowan hits you but does no damage. Dowan hits you with a +0 dagger.
* * * LOW HITPOINT WARNING * * *
The gnoll bouda is engulfed in dark miasma.
The gnoll bouda looks even sicker.
You block the gnoll bouda's attack. The gnoll hits you with a +0 spear.
You die...

.##.##...>#..÷.................#
.#..####........###......)####.#
.#.######.................# #)##
.#........................# #.).
.#.#####...........##.##### ##..
.............§........#########..
.....####........................
.....####......e....#############
..##...).......g@..##
.#######........g..# .#
##............# .#
#........<....# .#
#..#...........##
.###..##............#
.#.....................#
.......#..........####...#
.#.##.#........).... ...


You could see Dowan (fast), a gnoll bouda (very poisoned) and a gnoll.

Vanquished Creatures
  Pikel (D:4)
  Sigmund (D:2)
  Duvessa (D:4)
  A sleepcap (D:4)
  3 iguanas (D:4)
  2 orc wizards
  7 gnolls
  4 adders
  2 dart slugs
  6 orcs
  5 ball pythons
  2 bats
  6 endoplasms
  3 giant cockroaches
  5 hobgoblins
  3 jackals (D:4)
  3 quokkas
  4 frilled lizards
  12 goblins
  5 kobolds
  4 rats
80 creatures vanquished.

Notes
Turn   | Place    | Note
-------+----------+-------------------------------------------
     0 | D:1      | IdlyInterested the Demonspawn Fighter began the quest for
                  | the Orb.
     0 | D:1      | Reached XP level 1. HP: 18/18 MP: 1/1
     2 | D:1      | Noticed an armataur
     2 | D:1      | Noticed a minotaur
     4 | D:1      | Noticed an octopode
     7 | D:1      | Noticed a meteoran
     7 | D:1      | Noticed a formicid
     9 | D:1      | Noticed a demonspawn
    11 | D:1      | Noticed a vampire
    13 | D:1      | Noticed a ghoul
    13 | D:1      | Noticed a vine stalker
    15 | D:1      | Noticed a troll
    15 | D:1      | Noticed a naga
    17 | D:1      | Noticed a gargoyle
    17 | D:1      | Noticed a draconian
    19 | D:1      | Noticed a human
    19 | D:1      | Noticed a felid
    21 | D:1      | Noticed a spriggan
    21 | D:1      | Noticed a demigod
    23 | D:1      | Noticed an ogre
    23 | D:1      | Noticed a merfolk
    25 | D:1      | Noticed a tengu
    25 | D:1      | Noticed a merfolk
    27 | D:1      | Noticed a demonspawn
    27 | D:1      | Noticed an elf
   119 | D:1      | Gained mutation: You are partially covered in razor-sharp
                  | scales. (AC +1, Slay +1) [demonic ancestry]
   119 | D:1      | Reached XP level 2. HP: 2/24 MP: 2/2
   710 | D:1      | Reached skill level 1 in Dodging
   710 | D:1      | Reached XP level 3. HP: 29/29 MP: 3/3
   964 | D:2      | Noticed Sigmund
   986 | D:2      | Killed Sigmund
   987 | D:2      | Reached skill level 5 in Fighting
   987 | D:2      | Reached skill level 1 in Stealth
   987 | D:2      | Reached XP level 4. HP: 14/39 MP: 4/4
   987 | D:2      | Gained mutation: You regenerate magic rapidly. [demonic
                  | ancestry]
   987 | D:2      | Reached XP level 5. HP: 16/45 MP: 5/5
  1494 | D:2      | Identified the +3 sling "Ihome" {freeze, rF+ rN+}
  1966 | D:3      | Reached skill level 1 in Invocations
  2220 | D:3      | Reached skill level 1 in Evocations
  2872 | D:3      | Reached skill level 1 in Throwing
  2872 | D:3      | Gained mutation: You have large cloven feet. [demonic
                  | ancestry]
  2872 | D:3      | Reached XP level 6. HP: 44/52 MP: 6/6
  2931 | D:4      | Reached skill level 6 in Fighting
  2984 | D:4      | Noticed Dowan
  3056 | D:4      | Noticed Duvessa
  3076 | D:4      | Killed Duvessa
  3138 | D:3      | HP: 2/53 [gnoll/+0 whip[a gnoll bouda] (3)]
  3440 | D:4      | Noticed Pikel
  3445 | D:4      | Killed Pikel
  3446 | D:4      | Reached skill level 8 in Fighting
  3446 | D:4      | Gained mutation: You may rarely emit foul miasma when
                  | damaged in melee. [demonic ancestry]
  3446 | D:4      | Reached XP level 7. HP: 34/63 MP: 7/7
  3699 | D:4      | Gained mutation: You have hoof-like feet. [demonic
                  | ancestry]
  3699 | D:4      | Reached XP level 8. HP: 56/69 MP: 8/8
  3833 | D:4      | HP: 3/69 [gnoll/+0 spear[a gnoll bouda] (1)]
  3834 | D:4      | HP: 1/69 [Dowan/+0 dagger (3)]
  3834 | D:4      | Slain by a gnoll

Illustrated notes

Levels and vault maps discovered:
D:1:      kb_arrival_jail, layout_basic
D:2:      layout_loops_cross, minmay_statues_item,
          chequers_serial_rivers_room_a, kennysheep_cross_room, uniq_sigmund
D:3:      layout_basic, serial_glass, glass_columns_a, glass_columns_c,
          glass_columns_a, glass_columns_a, glass_columns_c, glass_columns_b,
          minmay_close_crescents
D:4:      layout_rooms, uniq_pikel, uniq_duvessa

Skill      XL: |  1  2  3  4  5  6 |
---------------+-------------------+-----
Polearms       | 2 |  2.4
Armour         | 3 |  3.0
Dodging        | 1 |  1.0
Fighting       | 5 8 |  8.5
Stealth        | 1 |  1.0
Invocations    | 1 |  1.0
Evocations     | 1 |  1.0
Throwing       | 1 |  1.0
Shields        | 4 |  4.0

Action                     |  1- 3 |  4- 6 |  7- 9 || total
---------------------------+-------+-------+-------++-------
  Melee: Trident           |    71 |   180 |    45 ||   296
         Kick              |       |    27 |     9 ||    36
  Throw: Stone             |       |    14 |       ||    14
    Use: Scroll            |     1 |     5 |     1 ||     7
         Potion            |     1 |     1 |     2 ||     4
 Armour: Scale mail        |    27 |     9 |       ||    36
         Chain mail        |       |    95 |    10 ||   105
         Leather armour    |       |       |     6 ||     6
  Dodge: Dodged            |    34 |    62 |    32 ||   128
  Block: Buckler           |     7 |    52 |    25 ||    84

Table legend: (Time is in decaauts)
 A = Elapsed time spent in this place.
 B = Non-inter-level travel time spent in this place.
 C = Inter-level travel time spent in this place.
 D = Time resting spent in this place.
 E = Time spent auto-exploring this place.
 F = Levels seen in this place.
 G = Mean time per level.
                   A        B        C        D        E       F      G
               +--------+--------+--------+--------+--------+-----+--------+
         Total |   3912 |   3521 |    391 |    668 |   1783 |   4 |  978.0 |
       Dungeon |   3912 |   3521 |    391 |    668 |   1783 |   4 |  978.0 |
               +--------+--------+--------+--------+--------+-----+--------+

Top non-repeatable levels by time:
     D:3: 1293 daAuts
     D:2: 1020 daAuts
     D:1: 955 daAuts
     D:4: 642 daAuts
